 Dungeon Crawl Stone Soup version 0.31.0-11-ge490571c62 (webtiles) character file.

Game seed: 17806012801446386976

22128 hikkokomori the Fighter (level 13, -2/98 (101) HPs)
             Began as a Formicid Wanderer on Feb 2, 2024.
             Was an Elder of Sif Muna.
             Slain by a wyvern (14 damage)
             ... on level 4 of the Lair of Beasts.
             The game lasted 01:19:23 (17097 turns).

hikkokomori the Fighter (Formicid Wanderer)        Turns: 17097, Time: 01:19:24

HP:   -2/98 (101)   AC: 19    Str: 17    XL:     13   Next: 25%
MP:   18/24         EV: 11    Int: 16    God:    Sif Muna [****..]
Gold: 753           SH:  5    Dex: 14    Spells: 1/27 levels left

rFire   . . .        c - +2 trident (drain)
rCold   . . .        f - +0 buckler
rNeg    . . .        F - +0 steam dragon scales
rPois   .            (helmet unavailable)
rElec   .            d - +0 cloak
rCorr   .            g - +0 pair of gloves
SInv    +            (no boots)
Will    +....        o - amulet of faith
Stlth   +++          s - ring of wizardry
HPRegen 0.36/turn    X - +4 ring of protection
MPRegen 0.19/turn

%: faith, wizardry (x1)
@: ice-armoured, lightly drained
A: permanent stasis, dig shafts and tunnels, antennae 3, four strong arms
a: Dig, Shaft Self, Renounce Religion, Channel Magic, Forget Spell, Divine
Exegesis


You were on level 4 of the Lair of Beasts.
You worshipped Sif Muna.
Sif Muna was greatly pleased with you.
You visited 3 branches of the dungeon, and saw 17 of its levels.

You collected 753 gold pieces.

Inventory:

Hand Weapons
 a - a +4 sling
 b - the +5 flail of True Grit {heavy, rPois Str+3}
   (You found it on level 9 of the Dungeon)

   Str+3:     It affects your strength (+3).
   rPois:     It protects you from poison
 c - a +2 trident of draining (weapon)
 p - a +3 battleaxe of flaming
 T - a +0 heavy arbalest
Missiles
 r - 79 poisoned darts (quivered)
 u - 6 javelins
 x - a throwing net
 D - 13 curare-tipped darts
Armour
 d - a +0 cloak (worn)
 f - a +0 buckler (worn)
 g - a +0 pair of gloves (worn)
 k - a +2 robe of willpower
 C - a +2 robe of fire resistance
 F - +0 steam dragon scales (worn)
Magical Staves
 y - a staff of cold
 K - a staff of alchemy
Jewellery
 i - a ring of protection from fire
 l - a +6 ring of dexterity
 o - an amulet of faith (around neck)
 s - a ring of wizardry (left hand)
 w - a ring of flight
 z - a ring of magical power
 V - a ring of protection from fire
 X - a +4 ring of protection (right hand)
Wands
 m - a wand of polymorph (7)
 t - a wand of roots (12)
 A - a wand of flame (33)
 H - a wand of mindburst (12)
 M - a wand of digging (1)
Scrolls
 h - 2 scrolls of enchant weapon
 n - a scroll of silence
 B - a scroll of immolation
 E - a scroll of poison
 J - a scroll of amnesia
 P - a scroll of brand weapon
 Q - 2 scrolls of revelation
 U - a scroll of fog
 Y - a scroll of vulnerability {unknown}
 Z - a scroll of summoning {unknown}
Potions
 e - 2 potions of might
 j - 2 potions of brilliance
 q - a potion of mutation
 v - 2 potions of heal wounds
 G - 2 potions of berserk rage {unknown}
 I - a potion of invisibility {unknown}
 L - 2 potions of ambrosia {unknown}
 N - a potion of enlightenment
 O - a potion of experience {unknown}
 S - a potion of curing
 W - a potion of magic {unknown}


   Skills:
 - Level 9.6 Fighting
 - Level 0.6(3.0) Axes
 - Level 4.6(4.9) Polearms
 - Level 1.9(3.5) Staves
 - Level 7.0 Ranged Weapons
 - Level 3.7 Armour
 - Level 6.4 Stealth
 - Level 5.1 Shields
 + Level 7.7 Spellcasting
 - Level 4.4 Conjurations
 + Level 2.7 Summonings
 - Level 4.0 Necromancy
 - Level 7.2 Ice Magic
 + Level 3.4 Air Magic
 + Level 4.1 Earth Magic
 + Level 6.2 Invocations
 - Level 7.3 Evocations


You had one spell level left.
You knew the following spells:

 Your Spells              Type           Power      Damage    Failure   Level
a - Martyr's Knell        Necr/Summ      16%        N/A       14%         4
b - Frozen Ramparts       Ice            58%        1d9       1%          3
c - Ozocubu's Armour      Ice            29%        N/A       1%          3
d - Fugue of the Fallen   Necr           18%        N/A       3%          3
e - Summon Ice Beast      Ice/Summ       22%        N/A       2%          3
f - Freezing Cloud        Conj/Ice/Air   11%        6-21      21%         5
g - Borgnjor's Vile Clut  Necr/Erth      9%         N/A       28%         5

Your spell library contained the following spells:

 Spells                   Type           Power      Damage    Failure   Level
 Freeze                   Ice            100%       1d10      1%          1
 Magic Dart               Conj           80%        1d7       1%          1
 Cigotuvi's Dreadful Rot  Necr/Alch/Air  28%        N/A       3%          2
 Dispel Undead            Necr           18%        3d11      11%         4
 Manifold Assault         Tloc           6%         N/A       45%         4
 Summon Mana Viper        Hex/Summ       10%        N/A       63%         5
 Alistair's Intoxication  Alch           4%         N/A       80%         5
 Death Channel            Necr           9%         N/A       82%         6
 Plasma Beam              Fire/Air       5%         2x1d16    98%         6
 Eringya's Noxious Bog    Alch           3%         4d6       100%        6
 Monstrous Menagerie      Summ           7%         N/A       100%        7
 Spellforged Servitor     Conj/Summ      8%         N/A       100%        7
 Fire Storm               Conj/Fire      6%         8d2       100%        9
 Swiftness                Air            Unusable   N/A       N/A         3

Dungeon Overview and Level Annotations

Branches:
Dungeon (13/15)            Temple (1/1) D:6            Lair (2/5) D:10
    Orc (0/2) D:10
  Swamp: Lair:2-3    Shoals: Lair:2-3     Snake: Lair:2-3    Spider: Lair:2-3
 Vaults: D:13-14

Altars:
Ashenzari
Cheibriados
Dithmenos
Elyvilon
Fedhas
Gozag
Hepliaklqana
Kikubaaqudgha
Makhleb
Nemelex Xobeh
Okawaru
Qazlal
Ru
Sif Muna
Trog
Uskayaw
Vehumet
Wu Jian
Xom
Yredelemnul
Zin
The Shining One
Lugonu

Annotations:
D:4 1 runed translucent door, Crazy Yiuf
D:8 exclusion: oklob plant
D:13 Kirke


Innate Abilities, Weirdness & Mutations

You cannot be hasted, slowed, berserked, paralysed or teleported.
You can dig through walls and to a lower floor.
You have a pair of large antennae on your head. (SInv)
Your four strong arms can wield two-handed weapons with a shield.


Message History

The skyshark tail-slaps you. The yak gores you.
You begin to dig a shaft.
You continue digging a shaft.
The skyshark bites you!!
* * * LOW HITPOINT WARNING * * *
The skyshark tail-slaps you.
* * * LOW HITPOINT WARNING * * *
The skyshark tail-slaps you.
* * * LOW HITPOINT WARNING * * *
The yak gores you but does no damage. The yak closely misses you.
The skyshark bites you.
* * * LOW HITPOINT WARNING * * *
The skyshark tail-slaps you.
* * * LOW HITPOINT WARNING * * *
The skyshark tail-slaps you but does no damage.
A shaft appears beneath you!
You fall into a shaft and drop 2 floors!
The shaft crumbles and collapses.
The wyvern hisses angrily.
The yak bellows! x3; You hear a bellow!
Unknown command.
Unknown command.
A yak comes into view.
Casting: Ozocubu's Armour (safe; 1% risk of failure)
Confirm with . or Enter, or press ? or * to list all spells.
Okay, then.
Okay, then.
Casting: Ozocubu's Armour (safe; 1% risk of failure)
Confirm with . or Enter, or press ? or * to list all spells.
A chill wind blows around you.
The yak bellows!
You hear a bellow! x2
You extend your mandibles.
You dig through the rock wall.
You feel drained. The wyvern attacks as it pursues you!
You block the wyvern's attack. The wyvern bites you!
* * * LOW HITPOINT WARNING * * *
Unknown command.
Unknown command.
Casting: Summon Ice Beast (mildly dangerous; 2% risk of failure)
Confirm with . or Enter, or press ? or * to list all spells.
A film of ice covers your body! The wyvern bites you!
You die...

.P..Y.{P........
P.Y..{.P........
...{.{ #.P......
....#. #.#......
......##........
....P.P#.P......
.....Y{.PP......
#######k..#P####
#@###### ###


You could see a wyvern.

Vanquished Creatures
  Erolcha (D:11)
  A boulder beetle (Lair:1)
  2 two-headed ogres
  A skyshark (Lair:2)
  A deep elf pyromancer (D:12)
  Maurice (D:7)
  5 elephants (Lair:2)
  A torpor snail (D:10)
  A cane toad (Lair:1)
  A kobold demonologist (D:10)
  A rime drake (Lair:2)
  2 komodo dragons
  A troll (D:12)
  A hornet (D:7)
  Prince Ribbit (D:6)
  A shadow (D:6)
  2 wyverns
  Grum (D:8)
  24 yaks
  A steam dragon (D:8)
  Menkaure (D:5)
  A water moccasin (D:6)
  A black bear (D:6)
  5 orc warriors (D:10)
  An ogre (D:6)
  5 wolves
  2 centaurs
  2 phantoms
  Blork the orc (D:5)
  10 kobold brigands (D:10)
  11 bullfrogs
  3 scorpions (D:5)
  9 wights
  3 killer bees (D:11)
  2 howler monkeys
  3 bombardier beetles
  5 hounds
  5 orc priests
  Ijyb (D:5)
  5 iguanas
  2 sleepcaps
  9 orc wizards
  Robin (D:3)
  3 gnolls (D:5)
  9 adders
  A shadow imp (D:6)
  A white imp (D:7)
  A dart slug (D:5)
  3 ribbon worms
  33 orcs
  9 ball pythons
  9 bats
  9 endoplasms
  5 giant cockroaches
  7 hobgoblins
  8 jackals
  2 quokkas
  2 frilled lizards
  15 goblins
  19 kobolds
  8 rats
282 creatures vanquished.

Vanquished Creatures (collateral kills)
  A deep elf pyromancer (D:10)
  An ugly thing (D:13)
  A cyclops (D:12)
  Jeremiah (D:8)
  A gargoyle (D:11)
  Maggie (D:8)
  A komodo dragon (D:11)
  A troll (D:11)
  A vampire (D:13)
  6 yaks
  A water moccasin (D:9)
  3 orc warriors (D:9)
  5 wolves
  A centaur (D:10)
  A kobold brigand (D:9)
  3 bullfrogs (Lair:1)
  A howler monkey (D:9)
  7 orc priests
  A jelly (D:7)
  An orc wizard (D:10)
  A shadow imp (D:7)
  7 orcs
  2 kobolds (D:9)
49 creatures vanquished.

Vanquished Creatures (others)
  Erica (D:8)
1 creature vanquished.

Grand Total: 332 creatures vanquished

Notes
Turn   | Place    | Note
-------+----------+-------------------------------------------
     0 | D:1      | hikkokomori the Formicid Wanderer began the quest for the
                  | Orb.
     0 | D:1      | hikkokomori set off with the following items: a +3 sling, a
                  | potion of curing, a +0 leather armour; and the following
                  | spell memorised: Freeze; and the following spells available
                  | to memorise: Frozen Ramparts.
     0 | D:1      | Reached XP level 1. HP: 18/18 MP: 2/2
   304 | D:1      | Reached XP level 2. HP: 19/24 MP: 4/4
   630 | D:1      | Reached XP level 3. HP: 29/29 MP: 5/5
  1037 | D:2      | Reached XP level 4. HP: 37/37 MP: 6/6
  1165 | D:2      | Found a shimmering altar of Xom.
  1362 | D:2      | Learned a level 3 spell: Frozen Ramparts
  1476 | D:3      | Noticed Robin
  1522 | D:3      | Reached skill level 4 in Fighting
  1526 | D:3      | Killed Robin
  1527 | D:3      | Reached XP level 5. HP: 14/42 MP: 8/8
  1773 | D:3      | Noticed a phantom
  1794 | D:3      | Killed a phantom
  1795 | D:3      | Reached skill level 1 in Armour
  1795 | D:3      | Reached XP level 6. HP: 15/49 MP: 9/9
  2808 | D:4      | Got the Collected Works on Bombardment
  2877 | D:4      | Reached XP level 7. HP: 25/55 MP: 10/10
  3074 | D:4      | Reached skill level 5 in Fighting
  3408 | D:4      | Found a runed translucent door.
  3409 | D:4      | Noticed Crazy Yiuf
  3523 | D:4      | Learned a level 3 spell: Ozocubu's Armour
  3527 | D:4      | Learned a level 3 spell: Fugue of the Fallen
  3625 | D:5      | Entered Level 5 of the Dungeon
  4034 | D:5      | Reached XP level 8. HP: 63/63 MP: 11/11
  4035 | D:5      | Noticed Blork the orc
  4047 | D:5      | Killed Blork the orc
  4204 | D:5      | Reached skill level 1 in Stealth
  4390 | D:5      | Noticed Menkaure
  4404 | D:5      | Killed Menkaure
  4405 | D:5      | Reached skill level 6 in Fighting
  4405 | D:5      | Reached skill level 5 in Ranged Weapons
  5351 | D:5      | Noticed Ijyb
  5359 | D:5      | Killed Ijyb
  5798 | D:6      | Found a staircase to the Ecumenical Temple.
  5813 | D:6      | Reached skill level 5 in Ice Magic
  5813 | D:6      | Reached XP level 9. HP: 70/70 MP: 13/13
  5849 | D:6      | Noticed Prince Ribbit
  5859 | D:6      | Killed Prince Ribbit
  6236 | D:6      | Reached skill level 7 in Fighting
  6375 | D:6      | Found a burning altar of Makhleb.
  6458 | D:6      | Found an iron altar of Okawaru.
  6660 | D:6      | Found a shadowy altar of Dithmenos.
  6711 | Temple   | Entered the Ecumenical Temple
  6725 | Temple   | Became a worshipper of Sif Muna the Loreminder
  6845 | D:6      | Found a radiant altar of Vehumet.
  6862 | D:6      | Learned a level 3 spell: Summon Ice Beast
  6867 | D:6      | Found a hazy altar of Hepliaklqana.
  6877 | D:6      | Found a glowing golden altar of the Shining One.
  6952 | D:6      | Found a sacrificial altar of Ru.
  7203 | D:7      | Noticed Maurice
  7216 | D:7      | Killed Maurice
  7217 | D:7      | Reached skill level 1 in Summonings
  7217 | D:7      | Reached skill level 1 in Necromancy
  7217 | D:7      | Reached XP level 10. HP: 66/79 MP: 16/16
  7508 | D:7      | Noticed a two-headed ogre
  7522 | D:7      | Killed a two-headed ogre
  7523 | D:7      | Reached skill level 8 in Fighting
  7523 | D:7      | Reached skill level 5 in Evocations
  8335 | D:8      | Found a broken altar of Ashenzari.
  8430 | D:8      | Noticed Jeremiah
  8452 | D:8      | Killed Jeremiah
  8453 | D:8      | Reached skill level 1 in Staves
  8559 | D:8      | Found a glowing silver altar of Zin.
  8579 | D:8      | Noticed Erica
  8593 | D:8      | Killed Erica
  8594 | D:8      | Reached skill level 1 in Shields
  8748 | D:8      | Found a snail-covered altar of Cheibriados.
  8819 | D:8      | Found a blossoming altar of Fedhas.
  8831 | D:8      | Noticed an oklob plant
  9265 | D:8      | Noticed Maggie
  9282 | D:8      | Killed Maggie
  9458 | D:8      | Noticed Grum
  9469 | D:8      | Killed Grum
  9471 | D:8      | Reached XP level 11. HP: 42/86 MP: 16/18
  9482 | D:8      | Reached skill level 5 in Spellcasting
  9806 | D:8      | Found an opulent altar of Gozag.
  9970 | D:9      | Reached * piety under Sif Muna
  9975 | D:9      | Reached skill level 5 in Invocations
 10145 | D:9      | Reached skill level 1 in Polearms
 10199 | D:9      | Got Esmaf's Quarto of Niveous Fumes
 10271 | D:9      | Reached ** piety under Sif Muna
 10314 | D:9      | Reached skill level 5 in Shields
 10362 | D:9      | Identified the +5 flail of True Grit {heavy, rPois Str+3}
 10798 | D:9      | Learned a level 5 spell: Freezing Cloud
 11025 | D:9      | Found a sparkling altar of Nemelex Xobeh.
 11042 | D:10     | Entered Level 10 of the Dungeon
 11042 | D:10     | Found a hide-covered altar of Uskayaw.
 11052 | D:10     | Noticed a two-headed ogre
 11055 | D:10     | a two-headed ogre changed into a torpor snail
 11137 | D:10     | Noticed a deep elf pyromancer
 11147 | D:10     | Killed a deep elf pyromancer
 11148 | D:10     | Reached skill level 1 in Conjurations
 11292 | D:10     | Found a staircase to the Lair.
 11297 | D:10     | Found a staircase to the Orcish Mines.
 11303 | D:10     | You fall into a shaft and drop 2 floors!
 11570 | D:13     | Noticed Kirke
 11625 | D:13     | Noticed a purple ugly thing
 11647 | D:13     | Killed a purple ugly thing
 11648 | D:13     | Reached skill level 1 in Air Magic
 11833 | D:13     | Noticed a cyclops
 11887 | D:12     | Noticed a cyclops
 11901 | D:12     | Killed a cyclops
 12097 | D:12     | Noticed a deep elf pyromancer
 12109 | D:12     | Killed a deep elf pyromancer
 12273 | D:11     | Noticed a two-headed ogre
 12292 | D:11     | Noticed Erolcha
 12318 | D:11     | Killed Erolcha
 12319 | D:11     | Reached XP level 12. HP: 94/94 MP: 15/21
 12535 | D:11     | HP: 1/94 [gargoyle/+0 mace (6)]
 13081 | D:10     | Reached skill level 5 in Stealth
 13081 | D:10     | Reached *** piety under Sif Muna
 13082 | D:10     | Reached skill level 9 in Fighting
 13248 | D:10     | HP: 4/95 [yak (12)]
 13528 | D:9      | Learned a level 5 spell: Borgnjor's Vile Clutch
 13844 | D:10     | Reached skill level 1 in Earth Magic
 14252 | D:11     | Killed a two-headed ogre
 14252 | D:11     | Reached **** piety under Sif Muna
 14778 | Lair:1   | Entered Level 1 of the Lair of Beasts
 15592 | Lair:1   | Noticed a boulder beetle
 15707 | Lair:1   | Killed a boulder beetle
 16298 | Lair:2   | Noticed a skyshark
 16346 | Lair:2   | Reached XP level 13. HP: 88/101 MP: 3/23
 16504 | Lair:2   | Identified the +4 hand axe of the Pyrrhic Victory {flame,
                  | Fly Str+2 Int+2 Dex-5}
 16881 | Lair:2   | Learned a level 4 spell: Martyr's Knell
 17089 | Lair:2   | You fall into a shaft and drop 2 floors!
 17097 | Lair:4   | Slain by a wyvern

Illustrated notes

Levels and vault maps discovered:
D:1:      dpeg_arrival_rhombi, layout_loops_ring, wad_woods_river_04,
          minmay_vboxes
D:2:      layout_basic, basic_altar, columned_hall_lemuel
D:3:      layout_loops_ring, hex_large, chequers_serial_rivers_micro_e,
          dreamdust_princess_bridge, nicolae_concentric_dashed_squares_mild,
          minmay_misc_feat_encased, uniq_robin
D:4:      layout_basic, uniq_crazy_yiuf_cottage
D:5:      layout_cave_pods, uniq_blork_the_orc, uniq_menkaure, uniq_ijyb
D:6:      layout_cave_pods, kennysheep_mini_moat,
          grunt_temple_overflow_cloverleaf, jmf_multi_god_temple,
          minmay_temple_entry_sparse_star, minmay_misc_feat_ornament,
          uniq_prince_ribbit1
D:7:      layout_basic, uniq_maurice
D:8:      layout_loops_ring, pdpol_temple_overflow_zin_treasury_gozag_greed,
          tgw_fedhas, mainiacjoe_overflow_surrounded_room,
          evilmike_ruin_ashenzari, uniq_grum, uniq_maggie, uniq_erica,
          uniq_jeremiah
D:9:      layout_loops_ring, nemelex_diamond_rough_becter
D:10:     layout_rooms, mainiacjoe_overflow_catwalk, erik_lair_orcish_takeover,
          david_orc_3, special_room [special_room_kobold]
D:11:     layout_irregular_city, uniq_erolcha
D:12:     layout_irregular_city, minmay_misc_feat_enclosed, uniq_nessos
D:13:     layout_loops_ring, serial_shops, nicolae_shop_stone, uniq_frances,
          uniq_sonja, uniq_rupert, uniq_kirke
Temple:   corrupted_temple
Lair:1:   layout_small_grid, serial_rivers, chequers_serial_rivers_small_3,
          chequers_serial_rivers_room_a, chequers_serial_rivers_micro_a,
          chequers_serial_rivers_marsh, lemuel_fruit_tree, serial_bayou_shore_b
Lair:2:   layout_chaotic_city, chequers_serial_rivers_marsh,
          beast_lair_carwin_1, grunt_megastairs_4
Lair:4:   beargit_carnivore_pack, layout_long_grid,
          nicolae_slime_entry_slimehenge, uniq_josephine

Skill      XL: |  1  2  3  4  5  6  7  8  9 10 11 12 13 |
---------------+----------------------------------------+-----
Ice Magic      | 2 3 4 5 6 7 |  7.2
Spellcasting   | 2 3 4 6 7 |  7.7
Fighting       | 4 5 6 7 8 9 |  9.6
Ranged Weapons | 3 4 5 6 7 |  7.0
Armour         | 1 2 3 |  3.7
Stealth        | 3 4 6 |  6.4
Evocations     | 4 6 7 |  7.3
Summonings     | 1 2 |  2.7
Necromancy     | 1 2 3 4 |  4.0
Invocations    | 2 4 6 |  6.2
Staves         | 1 |  1.9
Shields        | 3 5 |  5.1
Polearms       | 3 4 |  4.6
Conjurations   | 2 4 |  4.4
Air Magic      | 1 3 |  3.4
Earth Magic    | 3 4 |  4.1
Axes           | |  0.6

Action                     |  1- 3 |  4- 6 |  7- 9 | 10-12 | 13-15 || total
---------------------------+-------+-------+-------+-------+-------++-------
  Melee: Whip              |       |    31 |    17 |       |       ||    48
         Battleaxe         |       |       |       |   165 |       ||   165
         Scimitar          |       |       |       |    11 |       ||    11
         Staff             |       |       |       |     9 |       ||     9
         Trident           |       |       |       |   159 |    61 ||   220
         Flail             |       |       |       |    18 |       ||    18
   Fire: Sling             |    74 |   185 |   312 |    21 |       ||   592
         Arbalest          |       |       |       |    16 |       ||    16
  Throw: Dart              |       |       |       |    13 |       ||    13
         Javelin           |       |       |       |     1 |       ||     1
   Cast: Freeze            |     3 |       |       |       |       ||     3
         Frozen Ramparts   |       |       |    11 |    56 |     2 ||    69
         Ozocubu's Armour  |       |       |     7 |    33 |     2 ||    42
         Summon Ice Beast  |       |       |     1 |    68 |     6 ||    75
         Fugue of the Fall |       |       |     1 |     1 |       ||     2
         Freezing Cloud    |       |       |       |     4 |     5 ||     9
Ability: Dig               |     2 |       |     2 |       |     1 ||     5
         Shaft Self        |       |       |       |     1 |     1 ||     2
  Evoke: Wand              |       |     1 |    10 |    15 |       ||    26
    Use: Scroll            |     4 |       |     9 |     7 |     1 ||    21
         Potion            |       |       |     2 |     7 |       ||     9
   Stab: Distracted        |       |       |       |     7 |       ||     7
 Armour: Leather armour    |    30 |   107 |    33 |       |       ||   170
         Robe              |       |       |   119 |    28 |       ||   147
         Ring mail         |       |       |       |    26 |       ||    26
         Steam dragon scal |       |       |       |   215 |    70 ||   285
         Skin              |       |       |       |    17 |       ||    17
  Dodge: Dodged            |    40 |   106 |   109 |   186 |    20 ||   461
  Block: Buckler           |       |       |       |   111 |    25 ||   136
